 Dungeon Crawl Stone Soup version 0.18-a0-1799-g6250cb2 (webtiles) character file.

29 dcss12345 the Skirmisher (level 3, 0/36 HPs)
             Began as a Kobold Berserker on Apr 23, 2016.
             Was a Believer of Trog.
             Slain by Crazy Yiuf
             ... wielding a +3 quarterstaff of chaos
              (10 damage)
             ... on level 2 of the Dungeon.
             The game lasted 00:06:00 (1035 turns).

dcss12345 the Skirmisher (Kobold Berserker)         Turns: 1035, Time: 00:06:01

Health: 0/36       AC:  7    Str: 21    XL:     3   Next: 32%
Magic:  0/3        EV: 18    Int:  5    God:    Trog [**....]
Gold:   62         SH:  0    Dex: 15    Spells: 0 memorised, 2 levels left

rFire  . . .     SeeInvis .     a - +0 mace
rCold  + . .     Gourm    .     l - +2 ring mail {rC+}
rNeg   . . .     Faith    .     (shield restricted)
rPois  .         Spirit   .     (no helmet)
rElec  .         Dismiss  .     (no cloak)
rCorr  .         Reflect  .     (no gloves)
SustAt .         Harm     .     (no boots)
MR     .....                    (no amulet)
Stlth  ..........               (no ring)
                                j - +4 ring of evasion

@: berserking, drained, very quick, not resistant to hostile enchantments,
extremely unstealthy
A: carnivore 3
a: Berserk, Trog's Hand, Burn Spellbooks, Renounce Religion


You were on level 2 of the Dungeon.
You worshipped Trog.
Trog was pleased with you.
You were full.

You visited 1 branch of the dungeon, and saw 2 of its levels.

You collected 62 gold pieces.

Inventory:

Hand Weapons
 a - a +0 mace (weapon)
 e - a +0 whip
 n - a +0 mace
Armour
 b - a +0 animal skin
 l - a +2 ring mail of cold resistance (worn)
Jewellery
 g - an uncursed ring of fire {unknown}
 j - a +4 ring of evasion (left hand)
 k - an uncursed ring of flight {unknown}
Potions
 d - 2 potions of magic
 i - a potion of curing {unknown}
 m - a potion of heal wounds {unknown}
Comestibles
 c - a meat ration
 f - a beef jerky
 h - a bread ration


   Skills:
 + Level 4.1(3.9) Fighting
 + Level 3.4(3.1) Maces & Flails
 - Level 1.5(1.3) Armour
 + Level 2.5(2.2) Dodging


You had 2 spell levels left.
You didn't know any spells.

Dungeon Overview and Level Annotations

Branches:
Dungeon (2/15)

Altars:
Pakellas

Annotations:
D:2 Crazy Yiuf


Innate Abilities, Weirdness & Mutations

You are small and have problems with some larger weapons.
You are carnivorous and can eat meat at any time.


Message History

Ouch! That really hurt!
You feel your power leaking away.
You hit Crazy Yiuf but do no damage. Crazy Yiuf completely misses you.
A red film seems to cover your vision as you go berserk!
You feel yourself moving faster!
You feel mighty!
You feel somewhat less full. Crazy Yiuf closely misses you.
You barely miss Crazy Yiuf.
Crazy Yiuf hits you with a quarterstaff of chaos.
You feel drained.
Your ring mail prevents you from hitting Crazy Yiuf.
Crazy Yiuf hits you with a quarterstaff of chaos.
Crazy Yiuf freezes you.
* * * LOW HITPOINT WARNING * * *
You hit Crazy Yiuf.
Crazy Yiuf is moderately wounded.
Your ring mail prevents you from hitting Crazy Yiuf.
Crazy Yiuf is moderately wounded.
Crazy Yiuf laughs, "Blight cower action!"
Crazy Yiuf hits you with a quarterstaff of chaos!
You die...

### ♣♣####
#)))#♣♣ ♣♣P...##
#.))g@♣♣♣♣P♣....#
#...#♣..♣.PP....#
### ♣♣♣)♣)...#.#
♣♣♣♣♣##..# #.##
##.# #..# ##.##
#..#


You could see Crazy Yiuf.

Vanquished Creatures
  2 dart slugs (D:1)
  A ball python (D:1)
  2 giant cockroaches
  5 goblins
  2 hobgoblins (D:1)
  5 bats (D:1)
  3 giant newts (D:1)
  3 kobolds (D:1)
  2 rats (D:1)
  A fungus (D:2)
26 creatures vanquished.

Notes
Turn   | Place    | Note
--------------------------------------------------------------
     0 | D:1      | dcss12345 the Kobold Berserker began the quest for the Orb.
     0 | D:1      | Reached XP level 1. HP: 14/14 MP: 1/1
   264 | D:1      | Reached XP level 2. HP: 11/19 MP: 2/2
   529 | D:1      | Reached skill level 4 in Fighting
   550 | D:1      | Reached XP level 3. HP: 20/24 MP: 3/3
   771 | D:1      | Reached ** piety under Trog
   914 | D:2      | Found an oddly glowing altar of Pakellas.
  1025 | D:2      | Noticed Crazy Yiuf
  1035 | D:2      | Slain by Crazy Yiuf

Vault maps used:
D:1:      minmay_arrival_widening_spiral_wide
D:2:      grunt_pakellas_mercury, lemuel_coloured_pillars_altar,
          grunt_decor_cap, uniq_crazy_yiuf_cottage

Skill      XL: |  1  2 |
---------------+-------+-----
Fighting       | 4 |  4.1
Maces & Flails | |  3.4
Armour         | |  1.5
Dodging        | |  2.5

Action                   || total
-------------------------++-------
Melee: Mace              ||   104
Invok: Berserk           ||     2
  Use: Scroll            ||     3
       Potion            ||     1
  Eat: Meat ration       ||     1
Armor: Animal skin       ||     7
       Ring mail         ||     2
Dodge: Dodged            ||    92
